 Dungeon Crawl Stone Soup version 0.30-a0-949-g53dc5368d7 (webtiles) character file.

Game seed: 843854343270870745

1935 Zenkrye the Spear-Bearer (level 9, -3/63 HPs)
             Began as a Human Cinder Acolyte on Mar 27, 2023.
             Was a High Priest of Ignis.
             Slain by a vampire mosquito (7 damage)
             ... on level 5 of the Dungeon.
             The game lasted 00:09:25 (4541 turns).

Zenkrye the Spear-Bearer (Human Cinder Acolyte)     Turns: 4541, Time: 00:09:26

Health: -3/63      AC:  6    Str: 20    XL:     9   Next: 40%
Magic:  10/10      EV: 19    Int: 14    God:    Ignis [*****.]
Gold:   308        SH:  2    Dex:  8    Spells: 8/10 levels left

rFire   + . .      SeeInvis .    e - +4 spear of Fuewk {flame, rCorr}
rCold   . . .      Faith    .    j - +0 buckler
rNeg    . . .      Spirit   .    g - +0 scale mail
rPois   .          Reflect  .    (no helmet)
rElec   .          Rampage  .    (no cloak)
rCorr   +                        (no gloves)
Will    .....                    (no boots) Stlth
                                 f - amulet of magic regeneration
HPRegen 0.30/turn                V - +5 ring of evasion
MPRegen 0.52/turn                v - +5 ring of evasion

@: no status effects
A: no striking features
a: Renounce Religion, Fiery Armour, Foxfire Swarm, Rising Flame


You were on level 5 of the Dungeon.
You worshipped Ignis.
Ignis was extremely pleased with you.
You visited 1 branch of the dungeon, and saw 5 of its levels.
You also visited: Sewer.

You collected 308 gold pieces.

Inventory:

Hand Weapons
 a - a -1 spear of flaming
 c - a +1 trident
 e - the +4 spear of Fuewk (weapon) {flame, rCorr}
   (You found it on level 3 of the Dungeon)

   rCorr:     It protects you from acid and corrosion.
Missiles
 d - 17 poisoned darts (quivered)
 p - 3 atropa-tipped darts
Armour
 b - a +0 robe
 g - a +0 scale mail (worn)
 j - a +0 buckler (worn)
Jewellery
 f - an amulet of magic regeneration (around neck)
 t - a +6 ring of intelligence
 v - a +5 ring of evasion (right hand)
 V - a +5 ring of evasion (left hand)
Potions
 h - 3 potions of brilliance
 i - 2 potions of haste {@q3}
 k - 2 potions of attraction
 l - a potion of flight {unknown}
 m - 2 potions of curing {@q1}
 n - a potion of might {@q4}
 o - 2 potions of heal wounds {unknown}
 q - a potion of degeneration {unknown}


   Skills:
 + Level 3.0 Fighting
 - Level 12.0 Polearms
 + Level 0.0 Armour
 + Level 0.0 Shields
 - Level 1.0 Spellcasting
 - Level 3.0 Fire Magic


You had 8 spell levels left.
You knew the following spells:

 Your Spells              Type           Power      Damage    Failure   Level
a - Scorch                Fire           18%        2d5       43%         2

Your spell library contained the following spells:

 Spells                   Type           Power      Damage    Failure   Level
 Freeze                   Ice            0%         1d3       73%         1
 Cigotuvi's Dreadful Rot  Necr/Pois/Air  0%         N/A       86%         2
 Lesser Beckoning         Tloc           0%         N/A       86%         2
 Ignite Poison            Fire/Tmut/Pois 3%         N/A       91%         3
 Kindle Blastsparks       Fire/Tloc/Air  6%         2d10      91%         3
 Frozen Ramparts          Ice            0%         1d1       97%         3
 Gell's Gravitas          Tloc           0%         N/A       97%         3
 Hailstorm                Conj/Ice       0%         3d3       97%         3
 Teleport Other           Tloc           0%         N/A       97%         3
 Dispel Undead            Necr           0%         3d6       100%        4
 Freezing Cloud           Conj/Ice/Air   0%         6-21      100%        5
 Death Channel            Necr           0%         N/A       100%        6


Dungeon Overview and Level Annotations

Branches:
Dungeon (5/15)             Temple (0/1) D:4           Sewer (visited)

Altars:
Wu Jian
The Shining One


Message History

The vampire mosquito draws strength from your injuries!
You barely miss the vampire mosquito.
The vampire mosquito closely misses you.
You barely miss the vampire mosquito.
The vampire mosquito closely misses you.
Unknown command.
You miss the vampire mosquito.
The vampire mosquito closely misses you.
You hit the vampire mosquito. You burn the vampire mosquito.
The vampire mosquito is moderately damaged.
The vampire mosquito completely misses you.
You hit the vampire mosquito. You burn the vampire mosquito.
The vampire mosquito is moderately damaged.
The vampire mosquito misses you.
You puncture the vampire mosquito! You burn the vampire mosquito.
The vampire mosquito is severely damaged.
The vampire mosquito closely misses you.
You miss the vampire mosquito.
The vampire mosquito is severely damaged.
The vampire mosquito completely misses you.
You hit the vampire mosquito. You burn the vampire mosquito.
The vampire mosquito is almost destroyed.
The vampire mosquito bites you!
* * * LOW HITPOINT WARNING * * *
The vampire mosquito draws strength from your injuries!
You hit the vampire mosquito but do no damage.
The vampire mosquito is severely damaged.
The vampire mosquito bites you but does no damage.
You puncture the vampire mosquito! You burn the vampire mosquito.
The vampire mosquito is almost destroyed.
The vampire mosquito bites you!
* * * LOW HITPOINT WARNING * * *
The vampire mosquito draws strength from your injuries!
You closely miss the vampire mosquito.
The vampire mosquito is severely damaged.
The vampire mosquito completely misses you.
You hit the vampire mosquito. You burn the vampire mosquito.
The vampire mosquito is almost destroyed.
The vampire mosquito bites you!
You die...

#.##.#*,**,**,* ###.#### ###
...#.#*,,,,,,,* #.# #
#..#.#****,**** #.# # #..#.# *,*
##'## # .....# *,* ##...## #
##.### *,#** ##.....## ## .#.#
#.#.** ##.......## ##.
...#######<...####.........####..
...............y@'.........+.....
.#########....####.........####..
.# #....** ##.......## ##. .#
**#..y*** ##..<..## ## .#
*,...,,,* ##...## # .# *,.y,,,,*
##+## ## .# *,.,,,,,* #.# #. .#
***,,,*** #.# #. .# *,,,*
##.###### #.


You could see a vampire mosquito.

Vanquished Creatures
  Pikel (D:5)
  3 vampire mosquitoes (D:5)
  Pargi (Sewer)
  A lemure (D:5)
  2 phantoms (D:5)
  2 scorpions
  6 killer bees (D:5)
  3 orc priests (D:5)
  A jelly (D:4)
  2 iguanas (D:5)
  A gnoll bouda (D:4)
  3 orc wizards
  8 gnolls
  8 adders
  An ufetubus (D:5)
  2 worms (D:2)
  2 dart slugs
  8 orcs
  4 endoplasms
  7 giant cockroaches
  6 hobgoblins
  8 jackals
  3 quokkas
  4 ball pythons
  4 bats
  5 frilled lizards
  4 goblins
  5 kobolds
  9 rats
114 creatures vanquished.

Notes
Turn   | Place    | Note
-------+----------+-------------------------------------------
     0 | D:1      | Zenkrye the Human Cinder Acolyte began the quest for the
                  | Orb.
     0 | D:1      | Reached XP level 1. HP: 18/18 MP: 2/2
    94 | D:1      | Found a faded altar of an unknown god.
   105 | D:1      | Reached XP level 2. HP: 24/24 MP: 3/3
   108 | D:1      | Learned a level 2 spell: Scorch
   778 | D:2      | Reached skill level 4 in Polearms
   778 | D:2      | Reached XP level 3. HP: 29/29 MP: 4/4
   780 | D:2      | Found an ornate altar of the Wu Jian Council.
  1076 | D:2      | Reached XP level 4. HP: 35/35 MP: 0/5
  1453 | D:2      | Reached skill level 5 in Polearms
  1750 | D:2      | Reached XP level 5. HP: 26/41 MP: 1/6
  1885 | D:3      | Identified the +4 spear of Fuewk {flame, rCorr}
  2098 | D:3      | Reached skill level 6 in Polearms
  2251 | D:3      | Reached XP level 6. HP: 47/47 MP: 7/7
  2578 | D:4      | Found a staircase to the Ecumenical Temple.
  2750 | D:4      | Reached skill level 7 in Polearms
  2827 | D:4      | Reached XP level 7. HP: 51/52 MP: 8/8
  2888 | D:4      | Found a glowing golden altar of the Shining One.
  3243 | D:5      | Entered Level 5 of the Dungeon
  3280 | D:5      | Identified the +3 leather armour of the Morning Star {*Slow
                  | rC+ rN+ Dex+6}
  3378 | D:5      | Reached skill level 8 in Polearms
  3455 | D:5      | Found a glowing drain.
  3464 | Sewer    | Entered a sewer
  3567 | Sewer    | Noticed Pargi
  3575 | Sewer    | Killed Pargi
  3687 | D:5      | Noticed Pikel
  3715 | D:5      | Killed Pikel
  3716 | D:5      | Reached skill level 9 in Polearms
  3716 | D:5      | Reached XP level 8. HP: 18/58 MP: 9/9
  3921 | D:5      | Reached skill level 10 in Polearms
  4074 | D:5      | Reached XP level 9. HP: 62/63 MP: 10/10
  4165 | D:5      | Reached skill level 11 in Polearms
  4526 | D:5      | Reached skill level 12 in Polearms
  4541 | D:5      | Slain by a vampire mosquito

Illustrated notes

Levels and vault maps discovered:
D:1:      wander_arrival_chamber, layout_basic,
          dreamdust_ecumenical_altar_angels_and_demons, minmay_misc_feat_alley,
          patterned_corridor
D:2:      minmay_diamond_boxcup, layout_basic, basic_altar
D:3:      layout_loops_ring
D:4:      layout_cave_pools, mainiacjoe_overflow_24_doors,
          minmay_temple_entry_junction_2, amcnicky_mini_rare_corridor_liquid,
          hangedman_decor_growths
D:5:      layout_loops_corners, portal_sewer_entry_b, uniq_pikel, uniq_edmund

Skill      XL: |  1  2  3  4  5  6  7  8  9 |
---------------+----------------------------+-----
Polearms       | 4 5 6 7 9 10 12 | 12.0
Fighting       | |  3.0
Spellcasting   | |  1.0
Fire Magic     | |  3.0

Action                     |  1- 3 |  4- 6 |  7- 9 || total
---------------------------+-------+-------+-------++-------
  Melee: Spear             |    95 |   143 |   232 ||   470
  Throw: Dart              |     8 |     6 |       ||    14
   Cast: Scorch            |     6 |     2 |       ||     8
    Use: Scroll            |     1 |     5 |     3 ||     9
         Potion            |       |       |     6 ||     6
   Stab: Sleeping          |     1 |       |       ||     1
         Invisible         |       |       |     6 ||     6
 Armour: Robe              |    16 |       |       ||    16
         Scale mail        |       |    14 |    12 ||    26
  Dodge: Dodged            |    49 |    77 |   137 ||   263
  Block: Buckler           |       |     4 |    12 ||    16

Table legend: (Time is in decaauts)
 A = Elapsed time spent in this place.
 B = Non-inter-level travel time spent in this place.
 C = Inter-level travel time spent in this place.
 D = Time resting spent in this place.
 E = Time spent auto-exploring this place.
 F = Levels seen in this place.
 G = Mean time per level.
                   A        B        C        D        E       F      G
               +--------+--------+--------+--------+--------+-----+--------+
         Total |   4416 |   4318 |     98 |    480 |   3018 |   6 |  736.0 |
       Dungeon |   4260 |   4162 |     98 |    480 |   2898 |   5 |  852.0 |
         Sewer |    155 |    155 |      0 |      0 |    120 |   1 |  155.0 |
               +--------+--------+--------+--------+--------+-----+--------+

Top non-repeatable levels by time:
     D:5: 1048 daAuts
     D:2: 1017 daAuts
     D:3: 791 daAuts
     D:1: 763 daAuts
     D:4: 639 daAuts
   Sewer: 155 daAuts
